 Dungeon Crawl Stone Soup version 0.18-a0-596-g6468885 (webtiles) character file.

23186 M4edhros the Prestidigitator (level 13, -9/72 HPs)
             Began as an Octopode Artificer on Dec 3, 2015.
             Was a Believer of Fedhas.
             Mangled by a large slime creature (30 damage)
             ... on level 12 of the Dungeon.
             The game lasted 00:37:23 (13161 turns).

M4edhros the Prestidigitator (Octopode Artificer)  Turns: 13161, Time: 00:37:23

Health: -9/72      AC: 14    Str: 11    XL:     13   Next: 5%
Magic:  22/22      EV: 14    Int: 18    God:    Fedhas [**....]
Gold:   80         SH:  8    Dex: 12    Spells: 3 memorised, 14 levels left

rFire  . . .     SeeInvis +     y - +3 flail (protect)
rCold  . . .     Rnd*Rage +     K - +1 buckler
rNeg   . . .     SustAt   +     (helmet restricted)
rPois  .         Gourm    .     d - amulet of regeneration
rElec  .         Spirit   .     j - ring of sustain attributes
rCorr  .         Dismiss  .     k - ring of see invisible
rMut   .         Stasis   .     m - ring of stealth
MR     .....                    O - ring of wizardry
Stlth  +++++++...               v - ring of invisibility
                                (no ring)
                                (no ring)
                                (no ring)

@: not resistant to hostile enchantments, extremely stealthy
A: almost no armour, amphibious, 8 rings, constrict 8, antennae 1, tentacle
spike 2, large bone plates 1, rough black scales 1, yellow scales 1, camouflage
1, berserk 1, blurry vision 1, spit poison 1, gelatinous body 1
a: Spit Poison, Evolution, Sunlight, Renounce Religion, Evoke Invisibility


You were on level 12 of the Dungeon.
You worshipped Fedhas.
Fedhas was pleased with you.
You were near starving.

You visited 2 branches of the dungeon, and saw 13 of its levels.

You collected 701 gold pieces.
You spent 621 gold pieces at shops.

Inventory:

Hand Weapons
 g - a +0 blowgun
 t - a +3 short sword of speed
 y - a +3 flail of protection (weapon)
 D - a +0 hunting sling
 L - a +1 short sword of venom
Missiles
 h - 328 stones (quivered)
 i - 7 curare-tipped needles
 N - 12 exploding sling bullets
 P - 48 sling bullets
 W - 10 poisoned sling bullets
Armour
 K - a +1 buckler (worn)
Rods
 S - a +4 rod of destruction (4/11)
   (Xom gifted it to you on level 3 of the Dungeon)
Jewellery
 d - an amulet of regeneration (around mantle)
 j - a ring of sustain attributes (left tentacle)
 k - a ring of see invisible (right tentacle)
 m - a ring of stealth (on tentacle)
 v - a ring of invisibility (on tentacle)
 O - a ring of wizardry (on tentacle)
Wands
 a - a wand of fire (5)
 b - a wand of paralysis (12)
 c - a wand of enslavement (14)
 r - a wand of slowing (45)
 x - a wand of frost (25)
 C - a wand of paralysis (13)
 H - a wand of enslavement (9)
 J - a wand of confusion (13)
 Q - a wand of paralysis (16)
 R - a wand of disintegration (2)
 X - a wand of fireball (12)
Scrolls
 p - 6 scrolls of enchant armour
 s - 3 scrolls of magic mapping
 A - a scroll of recharging {unknown}
 B - 3 scrolls of enchant weapon
 E - 2 scrolls of identify
 V - 2 scrolls of fog
Potions
 l - a potion of agility
 o - 2 potions of resistance
 w - 4 potions of curing
Books
 q - a book of Minor Magic

   Spells                             Type                      Level
   a - Magic Dart                     Conjuration                  1
   b - Blink                          Translocation                2
   c - Call Imp                       Summoning                    2
   d - Repel Missiles                 Charms/Air                   2
   e - Slow                           Hexes                        2
   f - Conjure Flame                  Conjuration/Fire             3
   g - Mephitic Cloud                 Conjuration/Poison/Air       3
 z - a book of Ice

   Spells                             Type                      Level
   a - Ice Form                       Ice/Transmutation            4
   b - Metabolic Englaciation         Hexes/Ice                    5
   c - Ozocubu's Refrigeration        Ice                          6
   d - Bolt of Cold                   Conjuration/Ice              6
   e - Freezing Cloud                 Conjuration/Ice/Air          6
   f - Simulacrum                     Ice/Necromancy               6
Comestibles
 e - 4 bread rations
 f - 7 meat rations
 n - 2 beef jerkies
 u - 2 slices of pizza
 T - 9 fruits
 Y - 9 royal jellies


   Skills:
 - Level 1.0 Fighting
 - Level 1.0 Short Blades
 * Level 6.2 Slings
 + Level 5.9 Dodging
 + Level 11.8 Stealth
 + Level 5.3 Shields
 + Level 4.6 Spellcasting
 + Level 1.4 Conjurations
 + Level 5.1 Charms
 + Level 5.1 Air Magic
 + Level 2.0 Poison Magic
 * Level 6.4 Invocations
 + Level 13.1 Evocations


You had 14 spell levels left.
You knew the following spells:

 Your Spells              Type           Power        Failure   Level  Hunger
a - Repel Missiles        Chrm/Air       ###...       1%          2    #......
b - Swiftness             Chrm/Air       ###.....     1%          2    #......
c - Mephitic Cloud        Conj/Pois/Air  ##......     6%          3    ###....


Dungeon Overview and Level Annotations

Branches:
Dungeon (12/15)            Temple (1/1) D:7            Lair (0/8) D:11
    Orc (0/4) D:11

Altars:
Ashenzari
Cheibriados
Dithmenos
Elyvilon
Fedhas
Gozag
Kikubaaqudgha
Makhleb
Nemelex Xobeh
Okawaru
Pakellas
Qazlal
Ru
Sif Muna
Trog
Vehumet
Xom
Yredelemnul
Zin
The Shining One

Shops:
D:3 }   D:6 *   D:8 =   D:9 !


Innate Abilities, Weirdness & Mutations

You cannot wear most types of armour.
You are amphibious.
You can wear up to eight rings at the same time.
You can use your tentacles to constrict eight enemies at once.
Your skin changes colour to match your surroundings (Stealth).
Your rubbery body absorbs attacks (AC +1).
You have a pair of small antennae on your head.
One of your tentacles bears a nasty spike.
You are partially covered in large bone plates (AC +2, SH +2).
You are partially covered in rough black scales (AC +4, Dex -1).
You are partially covered in yellow scales (AC +2).
You tend to lose your temper in combat.
Scrolls take you a little longer to read.
You can spit weak poison.


Message History

You thump the slime creature!
Your tentacle spike misses the slime creature.
The slime creature is heavily wounded.
The slime creature hits you.
Your wandering mushroom barely misses the slime creature.
Two slime creatures merge to form a large slime creature.
Unknown command.
The slime creature hits you!!
* * * LOW HITPOINT WARNING * * *
Your wandering mushroom releases spores at the slime creature.
Your wandering mushroom releases spores at the slime creature!
Unknown command.
You sock the slime creature!
The slime creature is almost dead.
The slime creature completely misses you.
Your wandering mushroom releases spores at the large slime creature!
Your wandering mushroom barely misses the slime creature.
The large slime creature hits you!!
You die...
Fedhas appreciates your contribution to the ecosystem.

......#....##......#.# #...
......#....#.......#.# #....
......#....#.......#.# #
..... ...#+##....#.......# ..
####..)....##'####.# ...
.................#.# ....
.................#+#.....
...............JJ........
######........ff@........
.....#...................
.....'......f################
.....#......J'..............#
.....#.......#..............#
######.......####...........#
#.f.............#......>....#
........!.......#...........#
....?...........#...........#


You could see a large slime creature, a slime creature and 3 friendly wandering
mushrooms.

Vanquished Creatures
  Snorg (D:12)
  A hydra (D:12)
  Erica (D:10)
  Sonja (D:10)
  Nergalle (D:10)
  An unseen horror (D:10)
  A hill giant (D:10)
  3 ugly things
  Joseph (D:7)
  3 centaur skeletons
  3 trolls
  A slime creature (D:12)
  3 yaks
  A wraith (D:12)
  2 wyverns
  A hungry ghost (D:7)
  Edmund (D:4)
  3 soldier ants
  4 orc warriors
  Duvessa (D:6)
  4 sky beasts
  An eye of draining (D:10)
  8 ogres
  A wasp (D:9)
  2 black bears
  8 centaurs
  2 ice beasts
  A crocodile (D:11)
  Dowan (D:6)
  7 giant frogs
  5 killer bees
  5 scorpions
  3 wights (D:10)
  9 hounds
  5 crimson imps
  8 orc priests
  6 jellies
  2 quasits
  2 iguanas
  A giant frog skeleton (D:12)
  7 orc wizards
  4 hell rats (D:11)
  8 worker ants
  A hound zombie (D:5)
  4 hound skeletons
  14 gnolls
  13 adders
  2 shadow imps
  13 oozes
  An adder skeleton (D:7)
  6 worms
  6 giant geckos
  33 orcs
  9 giant cockroaches
  5 goblins
  5 hobgoblins
  6 jackals
  6 quokkas
  A ball python (D:3)
  9 bats
  A giant cockroach zombie (D:5)
  A giant gecko zombie (D:5)
  5 giant newts
  2 kobolds
  A quokka skeleton (D:4)
  6 rats
284 creatures vanquished.

Vanquished Creatures (collateral kills)
  2 slime creatures (D:12)
  A wraith (D:12)
  4 yaks (D:12)
  A hungry ghost (D:10)
  2 ice beasts
  An orc warrior (D:9)
  2 killer bees
  An ogre (D:10)
  A gnoll sergeant (D:11)
  A hound (D:12)
  An orc priest (D:11)
  2 jellies
  A sheep (D:11)
  2 worker ants
  A gnoll (D:11)
  4 oozes (D:8)
  2 quokkas
  A giant gecko skeleton (D:9)
  A toadstool (D:10)
31 creatures vanquished.

Vanquished Creatures (others)
  2 killer bees (D:7)
  7 wandering mushrooms
  117 toadstools
126 creatures vanquished.

Grand Total: 441 creatures vanquished

Notes
Turn   | Place    | Note
--------------------------------------------------------------
     0 | D:1      | M4edhros the Octopode Artificer began the quest for the Orb.
     0 | D:1      | Reached XP level 1. HP: 13/13 MP: 3/3
   172 | D:1      | Reached XP level 2. HP: 18/18 MP: 4/4
   364 | D:2      | Reached skill level 4 in Evocations
   364 | D:2      | Reached XP level 3. HP: 23/23 MP: 4/6
  1023 | D:4      | Reached XP level 4. HP: 25/28 MP: 7/7
  1209 | D:4      | Reached skill level 5 in Evocations
  1209 | D:4      | Reached XP level 5. HP: 33/33 MP: 8/8
  1297 | D:4      | Reached skill level 5 in Stealth
  1393 | D:4      | Noticed an ogre
  1399 | D:4      | Killed an ogre
  1399 | D:4      | Reached XP level 6. HP: 36/38 MP: 8/10
  1444 | D:4      | Reached skill level 6 in Stealth
  1567 | D:4      | Noticed Edmund
  1583 | D:4      | Killed Edmund
  1752 | D:4      | Reached skill level 7 in Stealth
  1752 | D:4      | Reached XP level 7. HP: 31/43 MP: 11/11
  2193 | D:4      | Reached skill level 8 in Stealth
  2291 | D:5      | Entered Level 5 of the Dungeon
  2705 | D:5      | Reached XP level 8. HP: 20/48 MP: 13/13
  2711 | D:5      | Reached skill level 9 in Stealth
  2879 | D:5      | Learned a level 2 spell: Repel Missiles
  2882 | D:5      | Learned a level 2 spell: Swiftness
  3176 | D:6      | Reached skill level 1 in Charms
  3361 | D:6      | Reached skill level 1 in Spellcasting
  3380 | D:6      | Found Osyfriga's General Store.
  3578 | D:6      | Reached skill level 1 in Air Magic
  3613 | D:6      | Noticed Duvessa
  3613 | D:6      | Noticed Dowan
  3624 | D:6      | Killed Duvessa
  3634 | D:6      | Killed Dowan
  3634 | D:6      | Reached skill level 1 in Shields
  3809 | D:6      | Bought a potion of mutation for 30 gold pieces
  3809 | D:6      | Gained mutation: One of your tentacles bears a spike. [potion of mutation]
  3809 | D:6      | Gained mutation: You are partially covered in large bone plates (AC +2, SH +2). [potion of mutation]
  3809 | D:6      | Gained mutation: You tend to lose your temper in combat. [potion of mutation]
  3810 | D:6      | Gained mutation: Your magical capacity is low (-10% MP). [potion of mutation]
  3810 | D:6      | Gained mutation: You are partially covered in yellow scales (AC +2). [potion of mutation]
  3810 | D:6      | Gained mutation: Your magical capacity is very low (-20% MP). [potion of mutation]
  4200 | D:7      | Noticed Joseph
  4401 | D:6      | Reached XP level 9. HP: 40/53 MP: 12/12
  4676 | D:7      | Found a staircase to the Ecumenical Temple.
  4687 | Temple   | Entered the Ecumenical Temple
  4719 | Temple   | Became a worshipper of Xom the Less-Predictable
  4881 | D:7      | Reached skill level 10 in Stealth
  4913 | D:7      | XOM: harmless Fire miscast
  4950 | D:7      | Found an iron altar of Okawaru.
  4950 | D:7      | Found a white marble altar of Elyvilon.
  4952 | D:7      | Found a glowing golden altar of the Shining One.
  4954 | D:7      | Found a shattered altar of Ashenzari.
  4954 | D:7      | XOM: divination: magic mapping
  4955 | D:7      | Found a stormy altar of Qazlal.
  5014 | D:7      | Paralysed by Joseph for 6 turns
  5030 | D:7      | Killed Joseph
  5319 | D:6      | XOM: cast spell 'Necromutation'
  5547 | D:3      | Found a blossoming altar of Fedhas.
  5573 | D:3      | XOM: god gift: gnarled runed rod {god gift}
  5575 | D:3      | Identified a +4 rod of destruction (11/11) (Xom gifted it to you on level 3 of the Dungeon)
  5625 | D:3      | Found an oddly glowing altar of Pakellas.
  5625 | D:3      | Found Pakellas's Prime Provisions.
  5737 | D:3      | Found a shadowy altar of Dithmenos.
  6224 | D:2      | Found a radiant altar of Vehumet.
  6467 | D:3      | Fell from the grace of Xom
  6467 | D:3      | Became a worshipper of Fedhas Madash
  7386 | D:7      | Reached skill level 1 in Slings
  7794 | D:7      | XOM: draining
  8041 | D:8      | Reached XP level 10. HP: 27/58 MP: 13/13
  8044 | D:8      | Reached * piety under Fedhas
  8159 | D:8      | Found Wiorykk's Jewellery Shoppe.
  8168 | D:8      | Bought a cursed amulet of regeneration for 351 gold pieces
  8245 | D:8      | Reached skill level 1 in Invocations
  8365 | D:8      | Noticed an oklob plant
  8854 | D:8      | XOM: mild Pois miscast
  9204 | D:9      | XOM: give mutations
  9204 | D:9      | Gained mutation: You have a pair of small antennae on your head. [Xom's mischief]
  9204 | D:9      | Lost mutation: Your magical capacity is very low (-20% MP). [Xom's mischief]
  9204 | D:9      | Gained mutation: You are covered in fur (AC +1). [Xom's mischief]
  9241 | D:9      | Gained mutation: You are partially covered in rough black scales (AC +4, Dex -1). [mutagenic meat]
  9244 | D:9      | XOM: summons 10 hostile demons
  9549 | D:9      | Found Lumuywec's Distillery.
  9703 | D:10     | Entered Level 10 of the Dungeon
  9703 | D:10     | Noticed an unseen horror
  9709 | D:10     | Killed an unseen horror
  9709 | D:10     | Reached skill level 5 in Dodging
 10014 | D:10     | Noticed a hill giant
 10016 | D:10     | Noticed Nergalle
 10037 | D:10     | Killed a hill giant
 10037 | D:10     | Reached skill level 11 in Stealth
 10098 | D:10     | Killed Nergalle
 10098 | D:10     | Reached XP level 11. HP: 63/63 MP: 16/16
 10853 | D:10     | Noticed Erica
 10865 | D:10     | Killed Erica
 10902 | D:10     | XOM: summons 3 hostile shadow creatures
 10903 | D:10     | Noticed a hill giant
 10960 | D:10     | XOM: give mutations
 10960 | D:10     | Lost mutation: Your magical capacity is low (-10% MP). [Xom's mischief]
 10960 | D:10     | Gained mutation: Scrolls take you a little longer to read. [Xom's mischief]
 10960 | D:10     | Lost mutation: Scrolls take you a little longer to read. [Xom's mischief]
 10995 | D:10     | XOM: give mutations
 10995 | D:10     | Lost mutation: You are covered in fur (AC +1). [Xom's mischief]
 10995 | D:10     | Gained mutation: Scrolls take you a little longer to read. [Xom's mischief]
 11147 | D:10     | Noticed Sonja
 11260 | D:10     | Killed Sonja
 11260 | D:10     | Reached skill level 5 in Slings
 11260 | D:10     | Reached skill level 5 in Invocations
 11368 | D:11     | Reached ** piety under Fedhas
 11401 | D:11     | Found a staircase to the Lair.
 11764 | D:11     | Gained mutation: Scrolls take you longer to read. [mutagenic meat]
 11800 | D:11     | Reached skill level 13 in Evocations
 11800 | D:11     | Reached XP level 12. HP: 60/68 MP: 18/21
 11873 | D:11     | Found a staircase to the Orcish Mines.
 11977 | D:11     | Reached skill level 5 in Shields
 11981 | D:11     | Gained mutation: One of your tentacles bears a nasty spike. [mutagenic meat]
 11982 | D:11     | Gained mutation: You can spit weak poison. [mutagenic meat]
 12126 | D:9      | XOM: medium Tloc miscast
 12249 | D:6      | Bought a book of Minor Magic for 240 gold pieces
 12253 | D:6      | Learned a level 3 spell: Mephitic Cloud
 12588 | D:12     | Reached skill level 5 in Charms
 12589 | D:12     | XOM: mild Necr miscast
 12621 | D:12     | XOM: give mutation
 12621 | D:12     | Lost mutation: Scrolls take you longer to read. [Xom's mischief]
 12755 | D:12     | Noticed Snorg
 12765 | D:12     | Killed Snorg
 12765 | D:12     | Reached skill level 1 in Poison Magic
 12781 | D:12     | Reached skill level 5 in Air Magic
 12887 | D:12     | Noticed a seven-headed hydra
 12908 | D:12     | Killed a seven-headed hydra
 12908 | D:12     | Reached skill level 1 in Conjurations
 12978 | D:12     | Reached XP level 13. HP: 66/72 MP: 20/22
 13161 | D:12     | Mangled by a large slime creature

Vault maps used:
D:1:      dpeg_arrival_tiny_k, minmay_misc_feat_tower
D:2:      nicolae_overflow_crystal_walls
D:3:      fedhas_altar_3, johnstein_pakellas_shop, first_bread,
          minmay_misc_feat_square, grunt_dithmenos_smoke
D:4:      serial_co_window_serial, co_window_paths_b, co_window_paths_a,
          co_window_paths_b, co_window_corner_a, co_window_paths_a,
          co_window_paths_c, co_window_2corner, co_window_unsneaky_path_d,
          co_window_2corner, co_window_paths_e, co_window_4corner_b,
          glass_columns_a, uniq_edmund
D:6:      serial_shops, nicolae_shop_stone, minmay_tree_intersection,
          minmay_misc_feat_nine_boxes, uniq_duvessa
D:7:      minitemple, minmay_temple_entry_mist, uniq_joseph
D:8:      lemuel_slime, serial_shops, shop
D:9:      serial_shops, nicolae_shop_behind_doors, hangedman_pestilent_swarm
D:10:     kennysheep_generic_room_13, uniq_erica, uniq_nergalle, uniq_sonja
D:11:     dpeg_lair_monsters, orc_0_dummy
D:12:     uniq_snorg
Temple:   circular_temple_12

Action                   |  1- 3 |  4- 6 |  7- 9 | 10-12 | 13-15 || total
-------------------------+-------+-------+-------+-------+-------++-------
Melee: Short sword       |    49 |    11 |   112 |    99 |    24 ||   295
       Whip              |    12 |    19 |       |       |       ||    31
       Flail             |       |     7 |   177 |   286 |     3 ||   473
       Rod               |       |       |       |     3 |       ||     3
 Fire: Hunting sling     |       |       |       |    42 |       ||    42
       Blowgun           |       |       |       |     3 |       ||     3
Invok: Evolution         |       |       |       |    10 |       ||    10
Evoke: Wand              |       |    11 |    40 |     2 |       ||    53
       Rod               |       |       |       |    31 |     2 ||    33
  Use: Scroll            |       |       |    10 |     8 |       ||    18
       Potion            |       |       |     6 |    11 |       ||    17
 Stab: Sleeping          |    18 |     3 |    33 |    21 |     4 ||    79
       Confused          |       |       |     4 |     6 |     1 ||    11
       Distracted        |       |       |     1 |     3 |       ||     4
  Eat: Chunk             |       |     1 |    16 |     4 |       ||    21
       Meat ration       |       |       |     1 |     1 |       ||     2
       Bread ration      |       |       |       |     4 |       ||     4
